 Dungeon Crawl Stone Soup version 0.25-a0-1056-g2efb326896 (webtiles) character file.

Game seed: 8717452562898060816, levelgen mode: deterministic

47 Flugslaktarn the Shield-Bearer (level 3, -11/34 HPs)
             Began as a Deep Dwarf Fighter on May 13, 2020.
             Killed by divine providence
             ... invoked by an orc priest
              (12 damage)
             ... on level 3 of the Dungeon.
             The game lasted 00:00:15 (197 turns).

Flugslaktarn the Shield-Bearer (Deep Dwarf Fighter)  Turns: 197, Time: 00:00:16

Health: -11/34     AC:  6    Str: 19    XL:     3   Next: 48%
Magic:  3/3        EV:  7    Int:  8    God:
Gold:   7          SH:  9    Dex: 13    Spells: 2/2 levels left

rFire    . . .     SeeInvis .   a - +0 war axe
rCold    . . .     Gourm    .   c - +0 kite shield
rNeg     . . .     Faith    .   b - +0 scale mail
rPois    .         Spirit   .   (no helmet)
rElec    .         Reflect  .   (no cloak)
rCorr    .         Harm     .   (no gloves)
MR       .....                  (no boots)
Stlth    ..........             (no amulet)
HPRegen  0.00/turn              (no ring)
MPRegen  0.08/turn              (no ring)

@: lethally poisoned (-11 -> -11), non-regenerating
A: damage resistance, heal wounds, sense surroundings 1, no regeneration
a: Heal Wounds


You were on level 3 of the Dungeon.
You were not hungry.

You visited 1 branch of the dungeon, and saw 3 of its levels.

You collected 7 gold pieces.

Inventory:

Hand Weapons
 a - a +0 war axe (weapon)
Armour
 b - a +0 scale mail (worn)
 c - a +0 kite shield (worn)
Scrolls
 i - a scroll of enchant weapon {unknown}
 j - a scroll of identify {unknown}
Potions
 d - a potion of might
 g - 2 potions of brilliance {unknown}
 h - a potion of haste {unknown}
Comestibles
 e - a ration
 f - 11 chunks of flesh


   Skills:
 + Level 3.0 Fighting
 * Level 3.2 Axes
 + Level 3.6 Armour
 + Level 3.7 Shields


You had 2 spell levels left.
You didn't know any spells.
Your spell library was empty.

Dungeon Overview and Level Annotations

Branches:
Dungeon (3/15)

Altars:
Qazlal


Innate Abilities, Weirdness & Mutations

You are resistant to damage.
You can heal yourself by infusing magical energy.
You passively map a small area around you.
You do not regenerate.


Message History

You block the orc's attack. The scorpion stings you!
* * * LOW HITPOINT WARNING * * *
The orc priest hits you from afar with a +0 trident.
You are too injured to fight recklessly!
You are too injured to fight recklessly!
You are too injured to fight recklessly!
You are too injured to fight recklessly!
You are too injured to fight recklessly!
You are too injured to fight recklessly!
You are too injured to fight recklessly!
You are too injured to fight recklessly!
You are too injured to fight recklessly!
You are too injured to fight recklessly!
You are too injured to fight recklessly!
You are too injured to fight recklessly!
You fail to use your ability.
The bat barely misses you. You block the orc's attack.
You block the scorpion's attack.
The orc priest calls down the wrath of Beogh upon you.
Beogh smites you!
You die...

, #.#...#..≈≈≈≈_ *
* #........≈≈≈≈> ≈
#.........≈≈≈≈ ,,
* #..........≈≈≈ ,
.#........≈...≈
,......o........ ,
#..so....... ,
,#######@# * , ,
#......b###.# ,
###...##......## *
#.#.....##.####...
...........#...##
, ,
*#.#.............,
#.#.(.##.##.....
#.##.###.#...... ,
###.##.###........
, ,


You could see a scorpion, an orc priest, an orc and a bat.

Vanquished Creatures
  An orc priest (D:3)
  An adder (D:3)
  A goblin (D:1)
  A hobgoblin (D:1)
  3 jackals (D:3)
  2 kobolds (D:1)
  A rat (D:2)
10 creatures vanquished.

Notes
Turn   | Place    | Note
-------+----------+-------------------------------------------
     0 | D:1      | Flugslaktarn the Deep Dwarf Fighter began the quest for the
                  | Orb.
     0 | D:1      | Reached XP level 1. HP: 20/20 MP: 1/1
   152 | D:3      | Noticed an orc priest
   153 | D:3      | Noticed an orc priest
   162 | D:3      | Reached XP level 2. HP: 27/27 MP: 2/2
   177 | D:3      | Reached XP level 3. HP: 13/34 MP: 3/3
   190 | D:3      | Noticed a scorpion
   195 | D:3      | Found a stormy altar of Qazlal.
   196 | D:3      | HP: 1/34 [scorpion (6)]
   197 | D:3      | Killed from afar by an orc priest

Illustrated notes

Levels and vault maps discovered:
D:1:      dpeg_arrival_stone_temple_mockup, layout_basic
D:2:      layout_rooms, kennysheep_ying_yang, tso_metal_star, first_ration
D:3:      layout_rooms, lemuel_round_altar, portal_sewer_entry_e,
          nicolae_qazlal_general_emergency

Skill      XL: |  1  2 |
---------------+-------+-----
Fighting       | 3 |  3.0
Axes           | 3 |  3.2
Armour         | |  3.6
Shields        | |  3.7

Action                   || total
-------------------------++-------
Melee: War axe           ||    33
 Abil: Heal Wounds       ||     2
Armor: Scale mail        ||     9
Dodge: Dodged            ||    11
Block: Kite shield       ||    24

Table legend:
 A = Non-vault XP
 B = Vault XP
 C = Vault XP percentage of total XP
 D = Non-vault monster count
 E = Vault monster count
 F = Vault count percentage of total count
                 A         B        C        D         E       F
            +---------+---------+-------+---------+---------+-------
      Total |      68 |       0 |   0.0 |      10 |       0 |   0.0
            +---------+---------+-------+---------+---------+-------
        D:1 |       7 |       0 |   0.0 |       4 |       0 |   0.0
        D:2 |       1 |       0 |   0.0 |       1 |       0 |   0.0
        D:3 |      60 |       0 |   0.0 |       5 |       0 |   0.0
            +---------+---------+-------+---------+---------+-------
